 Dungeon Crawl Stone Soup version 0.17.1-3-g152610e (webtiles) character file.

888 Peloso the Shield-Bearer (level 7, -5/61 HPs)
             Began as a Minotaur Fighter on Mar 28, 2016.
             Was a Follower of Okawaru.
             Slain by a killer bee (8 damage)
             ... on level 5 of the Dungeon.
             The game lasted 00:07:36 (3129 turns).

Peloso the Shield-Bearer (Minotaur Fighter)         Turns: 3129, Time: 00:07:36

Health: -5/61      AC:  7    Str: 20    XL:     7   Next: 77%
Magic:  6/6        EV:  5    Int:  8    God:    Okawaru [*.....]
Gold:   251        SH: 10    Dex: 12    Spells: 0 memorised, 6 levels left

rFire  . . .     SeeInvis .     a - +0 long sword
rCold  . . .     Clarity  .     b - +0 scale mail
rNeg   . . .     SustAt   .     c - +0 shield
rPois  +         Gourm    .     (helmet restricted)
rElec  .         Spirit   .     (no cloak)
rCorr  .         Warding  .     (no gloves)
rMut   .         Stasis   +     (no boots)
MR     .....                    f - amulet of stasis
Stlth  ..........               A - +3 ring of intelligence
                                s - ring of poison resistance

@: lethally poisoned (-5 -> -7), not resistant to hostile enchantments,
extremely unstealthy
A: retaliatory headbutt, horns 2
a: Heroism, Renounce Religion


You were on level 5 of the Dungeon.
You worshipped Okawaru.
Okawaru was aware of your devotion.
You were not hungry.

You visited 1 branch of the dungeon, and saw 5 of its levels.

You collected 251 gold pieces.

Inventory:

Hand Weapons
 a - a +0 long sword (weapon)
Armour
 b - a +0 scale mail (worn)
 c - a +0 shield (worn)
Jewellery
 f - an amulet of stasis (around neck)
 s - a ring of poison resistance (left hand)
 A - a +3 ring of intelligence (right hand)
Scrolls
 g - 2 scrolls of fear {unknown}
 h - 3 scrolls of identify {unknown}
 i - a scroll of random uselessness {unknown}
 k - a scroll of recharging {unknown}
 m - 3 scrolls of remove curse {unknown}
 n - a scroll of fog {unknown}
 r - a scroll of blinking {unknown}
 w - 2 scrolls of enchant armour {unknown}
 x - 2 scrolls of teleportation {unknown}
 y - a scroll of magic mapping {unknown}
Potions
 l - a potion of haste
 o - a potion of curing {unknown}
 t - a potion of invisibility
 u - a potion of cancellation {unknown}
 v - 2 potions of lignification {unknown}
 z - a potion of brilliance {unknown}
Comestibles
 d - 4 chunks of flesh
 e - 3 bread rations
 j - a royal jelly
 p - 2 beef jerkies
 q - 3 meat rations


   Skills:
 + Level 5.4 Fighting
 + Level 4.8 Long Blades
 + Level 5.9 Armour
 + Level 4.0 Dodging
 + Level 0.1 Stealth
 + Level 6.8 Shields


You had 6 spell levels left.
You didn't know any spells.

Dungeon Overview and Level Annotations

Branches:
Dungeon (5/15)             Temple (0/1) D:5

Altars:
Ashenzari
Dithmenos
Gozag
Okawaru
Qazlal
Trog
The Shining One


Innate Abilities, Weirdness & Mutations

You reflexively headbutt those who attack you in melee.
You have a pair of horns on your head.


Message History

The killer bee is almost dead.
You feel sick.
The killer bee stings you but does no damage.
The killer bee barely misses you.
Unknown command.
You feel sick.
The killer bee stings you but does no damage.
You block the killer bee's attack.
You feel sick. The killer bee stings you.
* * * LOW HITPOINT WARNING * * *
You feel sick. The killer bee closely misses you. The killer bee stings you.
* * * LOW HITPOINT WARNING * * *
* * * LOW HITPOINT WARNING * * *
You feel sick. You block the killer bee's attack.
You block the killer bee's attack.
There is a stone staircase leading up here.
* * * LOW HITPOINT WARNING * * *
You feel sick. The killer bee stings you!
You die...

####.# #.# #.# #.#
#.#
#.###############
#.).............#
###############.#
...#....@#.# ###
#.#.###y#.# ...
......>.#.# #.#
#.#.###C#.#
#.##.#.#....y..#
##
#.##.......#y###
.####.####.###.#y#
........##.#<#.#.#
^.###.#.##.#.#.#.#


You could see a hill giant and 4 killer bees.

Vanquished Creatures
  The ghost of Wabnappa the Ducker, a novice DsBe of Trog (D:4)
  Purgy (D:3)
  2 ogres (D:4)
  A jelly (D:5)
  An orc wizard (D:5)
  5 worker ants (D:4)
  5 adders
  2 worms
  2 giant geckos (D:3)
  9 orcs
  9 giant cockroaches
  4 goblins
  7 hobgoblins
  7 jackals
  6 kobolds
  A quokka (D:5)
  A ball python (D:1)
  3 bats
  2 giant gecko skeletons (D:4)
  8 giant newts
  A quokka skeleton (D:4)
  A quokka zombie (D:3)
  9 rats
88 creatures vanquished.

Vanquished Creatures (others)
  4 toadstools (D:1)
4 creatures vanquished.

Grand Total: 92 creatures vanquished

Notes
Turn   | Place    | Note
--------------------------------------------------------------
     0 | D:1      | Peloso the Minotaur Fighter began the quest for the Orb.
     0 | D:1      | Reached XP level 1. HP: 19/19 MP: 0/0
   454 | D:1      | Reached XP level 2. HP: 27/27 MP: 1/1
   716 | D:2      | Reached skill level 4 in Shields
  1026 | D:2      | Reached XP level 3. HP: 33/33 MP: 2/2
  1355 | D:3      | Noticed Purgy
  1370 | D:3      | Killed Purgy
  1370 | D:3      | Reached skill level 1 in Dodging
  1370 | D:3      | Reached skill level 5 in Shields
  1370 | D:3      | Reached XP level 4. HP: 20/41 MP: 3/3
  1370 | D:3      | Reached XP level 5. HP: 22/47 MP: 4/4
  1723 | D:3      | Found a stormy altar of Qazlal.
  1950 | D:4      | Noticed an ogre
  1966 | D:4      | Killed an ogre
  1966 | D:4      | Reached XP level 6. HP: 33/53 MP: 5/5
  2119 | D:4      | Found an iron altar of Okawaru.
  2134 | D:4      | Reached skill level 6 in Shields
  2162 | D:4      | Became a worshipper of Warmaster Okawaru
  2178 | D:4      | Found an opulent altar of Gozag.
  2178 | D:4      | Found a bloodstained altar of Trog.
  2359 | D:4      | Found a shattered altar of Ashenzari.
  2404 | D:4      | Found a shadowy altar of Dithmenos.
  2456 | D:4      | Found a glowing golden altar of the Shining One.
  2482 | D:4      | Noticed Wabnappa's ghost (novice DsBe)
  2505 | D:4      | Killed Wabnappa's ghost
  2505 | D:4      | Reached * piety under Okawaru
  2505 | D:4      | Reached skill level 5 in Fighting
  2505 | D:4      | Reached skill level 5 in Armour
  2505 | D:4      | Reached XP level 7. HP: 14/61 MP: 6/6
  2964 | D:5      | Entered Level 5 of the Dungeon
  3033 | D:5      | Found a staircase to the Ecumenical Temple.
  3117 | D:5      | Noticed a hill giant
  3127 | D:5      | HP: 3/61 [poisoned by a killer bee]
  3129 | D:5      | Slain by a killer bee

Action                   |  1- 3 |  4- 6 |  7- 9 || total
-------------------------+-------+-------+-------++-------
Melee: Long sword        |    91 |   152 |    42 ||   285
  Use: Potion            |       |     5 |       ||     5
  Eat: Chunk             |     1 |     5 |     2 ||     8
